 Dungeon Crawl Stone Soup version 0.16-b1 (webtiles) character file.

170262 Tolias the Unseen (level 17, -43/86 HPs)
             Began as a Deep Elf Warper on Mar 14, 2015.
             Was a High Priest of Nemelex Xobeh.
             Hit by a large rock thrown by Polyphemus (62 damage)
             ... on level 4 of the Shoals.
             The game lasted 03:30:07 (62658 turns).

Tolias the Unseen (Deep Elf Warper)                Turns: 62658, Time: 03:30:07

Health: -43/86     AC: 12    Str:  8    XL:     17   Next: 37%
Magic:  30/36      EV: 27    Int: 23    God:    Nemelex Xobeh [*****.]
Gold:   244        SH:  6    Dex: 17    Spells: 9 memorised, 6 levels left

rFire  + . .     SeeInvis .     a - +4 rapier (pierce) {!}
rCold  + . .     Clarity  .     i - +2 robe {rC+ rF+}
rNeg   . . .     SustAb   .     y - +0 buckler
rPois  +         Gourm    .     T - +1 hat
rElec  .         Spirit   .     u - +2 cloak
rCorr  .         Warding  .     s - +0 pair of gloves {archery}
rMut   +         Stasis   .     C - +2 pair of boots {Fly}
MR     +....                    d - amulet of resist mutation
Stlth  ++++++....               E - +6 ring of evasion
                                r - ring of poison resistance

@: flying, very slightly contaminated, invisible, somewhat resistant to hostile
enchantments, very stealthy
A: antennae 1, frail 1
a: Triple Draw, Deal Four, Stack Five, Renounce Religion, Stop Flying


You were on level 4 of the Shoals.
You worshipped Nemelex Xobeh.
Nemelex Xobeh was extremely pleased with you.
You were not hungry.

You visited 6 branches of the dungeon, and saw 36 of its levels.

You collected 3639 gold pieces.
You spent 3231 gold pieces at shops.

Inventory:

Hand weapons
 a - a +4 rapier of piercing (weapon) {!}
 w - a +1 blowgun
 S - a +4 quick blade
Missiles
 b - 3 throwing nets (quivered) {=f}
 o - 60 poisoned needles
 R - 10 curare-tipped needles
Armour
 i - a +2 robe of resistance (worn)
 s - a +0 pair of gloves of archery (worn)
 u - a +2 cloak (worn)
 y - a +0 buckler (worn)
 C - a +2 pair of boots of flying (worn)
 T - a +1 hat (worn)
Rods
 z - a +6 rod of shadows (10/10) {!a}
   (You bought it in a shop on level 8 of the Dungeon)
Jewellery
 d - an amulet of resist mutation (around neck)
 f - an uncursed ring of teleportation
 h - an uncursed ring of stealth
 r - a ring of poison resistance (left hand)
 A - an uncursed ring of see invisible
 E - a +6 ring of evasion (right hand)
Magical devices
 M - a wand of confusion (4)
 Q - a wand of digging (14)
 V - a wand of frost (24)
 W - a wand of enslavement (11)
Scrolls
 c - 4 scrolls of fog
 e - 3 scrolls of recharging
 k - 12 scrolls of remove curse
 m - 2 scrolls of enchant armour
 p - 8 scrolls of magic mapping
 N - 5 scrolls of teleportation
 Z - 5 scrolls of fear
Potions
 j - 6 potions of cancellation
 l - 6 potions of curing
 n - a potion of resistance
 q - 4 potions of agility
 v - 8 potions of restore abilities
 x - 6 potions of haste
 H - 5 potions of might
 I - 2 potions of brilliance
 P - a potion of heal wounds
 X - 3 potions of magic
Books
 Y - a book of Maledictions

   Spells                             Type                      Level
   a - Corona                         Hexes                        1
   b - Sure Blade                     Hexes/Charms                 2
   c - Ensorcelled Hibernation        Hexes/Ice                    2
   d - Confuse                        Hexes                        3
   e - Dazzling Spray                 Conjuration/Hexes            3
   f - Enslavement                    Hexes                        4
Miscellaneous
 t - a legendary deck of war {the Shadow} {god gift}
 B - a legendary deck of war {the Crusade, drawn: 6} {god gift}
 D - a legendary deck of war {drawn: 1} {god gift}
 F - a legendary deck of escape {god gift}
 J - an ornate deck of escape {Swap} {god gift}
 K - an ornate deck of destruction {drawn: 4} {god gift}
 L - a plain deck of escape {god gift}
 O - an ornate deck of war {Fortitude, left: 5} {god gift}
 U - a sack of spiders {used: 4}
Comestibles
 g - 5 meat rations
 G - 8 bread rations


   Skills:
 - Level 7.5 Fighting
 - Level 14.0 Short Blades
 - Level 4.1 Throwing
 - Level 0.7 Armour
 - Level 12.0 Dodging
 - Level 15.0 Stealth
 - Level 5.0 Shields
 - Level 9.5 Spellcasting
 - Level 10.5 Conjurations
 - Level 14.0 Hexes
 + Level 8.1 Charms
 - Level 9.5 Translocations
 + Level 3.7 Air Magic
 - Level 12.9 Evocations


You had 6 spell levels left.
You knew the following spells:

 Your Spells              Type           Power        Failure   Level  Hunger
a - Apportation           Tloc           ######....   1%          1    None
c - Shroud of Golubria    Chrm/Tloc      ######....   1%          2    None
d - Iskenderun's Mystic   Conj           ######..     1%          4    ##.....
e - Dazzling Spray        Conj/Hex       ######..     1%          3    None
g - Invisibility          Hex            ######..     3%          6    ######.
j - Summon Butterflies    Summ           ##......     10%         1    None
q - Blink                 Tloc           N/A          1%          2    None
v - Deflect Missiles      Chrm/Air       #####.....   85%         6    ######.
y - Passage of Golubria   Tloc           N/A          1%          4    ##.....


Dungeon Overview and Level Annotations

Branches:
Dungeon (15/15)            Temple (0/1) D:5            Lair (8/8) D:8
 Shoals (4/5) Lair:4        Snake (3/5) Lair:4        Slime (0/6) Lair:7
    Orc (4/4) D:11            Elf (2/3) Orc:3        Vaults (0/5) D:13
 Depths (0/5) D:15

Altars:
Ashenzari
Dithmenos
Gozag
Kikubaaqudgha
Makhleb
Nemelex Xobeh
Okawaru
Qazlal
Ru
Trog
Vehumet
Xom
Yredelemnul
Zin
Beogh

Shops:
D:4 [   D:8 *(}   Orc:1 *   Orc:2 :   Orc:4 [(*:   Elf:1 (

Portals:
Hell: Lair:8
Trove: D:13 (give 5 scrolls of blinking)

Annotations:
Lair:2 Fannar
Lair:7 Tolias' ghost, powerful TrCj
Lair:8 exclusions: upstairs and 2 more exclusions
Shoals:3 exclusion: kraken
Shoals:4 Polyphemus
Snake:1 Agnes; Louise
Elf:2 3 runed doors


Innate Abilities, Weirdness & Mutations

You have a pair of small antennae on your head.
You are frail (-10% HP).


Message History

You hear a splash.
Polyphemus throws a large rock.
The large rock hits you!!!
You hear a splash.
You see here a large rock.
Casting: Dazzling Spray
Confirm with . or Enter, or press ? or * to list all spells.
Okay, then.
Unknown command.
Casting: Dazzling Spray
Confirm with . or Enter, or press ? or * to list all spells.
Aiming: Invisibility
Press: ? - help, Shift-Dir - straight line, f - you You fade into invisibility!
You are very lightly contaminated with residual magic.
Polyphemus throws a large rock.
The large rock hits you!!
* * * LOW HITPOINT WARNING * * *
Polyphemus throws a large rock.
The large rock hits you!!!
Ouch! That really hurt!
You die...
Your body glows slightly and disappears.

≈≈≈≈P≈P≈≈≈≈≈≈≈≈≈≈≈≈≈≈≈≈≈...
##.
≈PP≈≈≈≈≈≈P≈≈≈≈≈≈≈≈≈≈≈≈≈≈.!
..
≈≈≈≈≈P≈≈≈≈≈≈≈≈≈≈≈≈≈≈≈≈≈≈.≈≈
..
≈≈≈≈≈≈≈≈≈PP≈≈≈≈≈≈≈≈≈≈≈≈..#
≈≈≈≈≈≈P≈≈≈≈≈≈≈≈≈≈≈≈≈≈≈..#
...
≈≈≈≈P≈≈≈≈≈≈≈≈≈≈≈)≈≈≈≈.##.###
≈.
≈≈≈≈≈≈≈≈≈≈≈≈≈≈≈≈≈(≈(≈..C..Y.
≈≈≈
≈≈≈≈≈≈≈≈≈≈≈≈≈≈≈≈≈≈≈.=.##....
≈≈ ≈≈≈≈≈≈≈≈≈≈≈≈≈≈≈≈@(....# .
≈≈≈≈≈≈≈≈≈≈≈≈≈≈≈(.###..#
≈≈≈≈.....≈...≈}### ..# ≈≈.#
##..###..# ...# ≈≈.# ##.##
#....# ≈≈.## ####
#..###.....
≈...###..#####.........
.≈≈...†....##.≈≈≈≈≈..##
≈≈≈≈≈≈≈≈≈≈...≈≈≈≈≈≈.##


You could see Polyphemus.

Vanquished Creatures
  Saint Roka (Shoals:4)
  A sphinx (Elf:1)
  Donald (Orc:3)
  A ghost moth (Lair:7)
  Aizul (Snake:1)
  An orc warlord (Orc:4)
  Gastronok (Lair:1)
  A deep elf annihilator (Elf:2)
  A dire elephant (Lair:8)
  A deep elf death mage (Elf:1)
  2 vault guards (D:13)
  2 merfolk impalers
  A minotaur (Shoals:4)
  Josephine (D:10)
  A rakshasa (D:14)
  2 naga warriors (Snake:1)
  5 hydras
  A merfolk avatar (Shoals:2)
  3 anacondas (Snake:1)
  2 merfolk aquamancers
  Erica (Lair:8)
  2 dancing weapons (Elf:2)
  2 centaur warriors
  An alligator snapping turtle (Shoals:4)
  A tengu warrior (D:15)
  A naga sharpshooter (Snake:1)
  A shock serpent (Snake:2)
  Erolcha (D:8)
  4 deep elf knights
  7 sea snakes
  9 skeletal warriors
  An unseen horror (D:14)
  7 deep elf summoners
  6 hill giants
  Pikel (D:6)
  A deep troll (D:15)
  A lindwurm (shapeshifter) (D:15)
  A swamp dragon (Elf:1)
  11 harpies
  7 deep elf conjurers
  5 mana vipers
  2 ugly things (D:14)
  An oklob plant (Lair:8)
  6 cyclopes
  3 orc knights
  A phantasmal warrior (D:12)
  A wizard (D:13)
  5 salamanders
  A draconian (shapeshifter) (D:15)
  8 fauns
  7 elephants
  6 manticores
  9 griffons
  A guardian serpent (Snake:1)
  25 black mambas
  3 water nymphs
  6 sirens
  Maurice (D:9)
  A smoke demon (Lair:8)
  4 hornets (Orc:4)
  A torpor snail (shapeshifter) (D:15)
  2 gargoyles
  12 spiny frogs
  4 naga magi
  A queen ant (Lair:8)
  A hellwing (Lair:8)
  2 orange demons (Lair:8)
  A kobold demonologist (D:15)
  3 fire drakes
  3 komodo dragons
  A tengu conjurer (D:15)
  5 deep elf priests
  A harpy zombie (D:12)
  21 merfolk
  A red devil (Lair:8)
  4 trolls
  Sonja (Shoals:1)
  2 human zombies (D:13)
  4 two-headed ogres
  A queen bee (Lair:6)
  A wind drake (shapeshifter) (D:13)
  11 blink frogs
  2 hornet zombies
  4 snapping turtles
  A blue devil (Lair:8)
  A raven (D:15)
  48 yaks
  A boulder beetle (Snake:1)
  A slime creature (D:12)
  2 basilisks
  A shadow (D:13)
  5 hogs (Elf:1)
  A wraith (D:15)
  An air elemental (Lair:7)
  2 wyverns
  8 centaurs
  A spriggan (D:12)
  A vampire (D:13)
  7 wolves
  Eustachio (D:8)
  14 deep elf magi
  10 deep elf fighters
  3 hungry ghosts
  8 water elementals
  11 hippogriffs
  8 humans
  10 soldier ants
  2 mottled dragons
  3 large abominations (Elf:1)
  A hell hound (Lair:8)
  30 water moccasins
  2 wargs
  16 nagas
  10 porcupines
  4 ice beasts
  20 orc warriors
  4 necrophages
  6 sky beasts
  2 black bears
  2 slaves (D:6)
  3 phantoms
  A wasp (D:8)
  14 ogres
  A spider (D:15)
  19 crocodiles
  A boring beetle (Lair:6)
  4 elf zombies (Elf:1)
  7 big kobolds
  20 giant frogs
  5 scorpions
  18 killer bees
  15 wights
  2 electric eels
  4 centaur zombies
  6 crimson imps
  A goliath beetle (D:7)
  4 giant frog zombies
  10 jellies
  3 centaur skeletons
  12 hounds
  7 iguanas
  21 orc priests
  2 giant frog skeletons
  19 worker ants
  27 orc wizards
  A human skeleton (D:13)
  A killer bee zombie (D:10)
  7 sheep
  2 hound skeletons
  5 hound zombies
  4 mummies
  A worker ant zombie (D:8)
  23 adders
  3 gnolls (D:4)
  57 river rats
  3 shadow imps
  2 giant mites
  4 worms (D:3)
  A giant eyeball (D:9)
  An adder zombie (D:6)
  An adder skeleton (D:6)
  166 orcs
  5 ball pythons
  25 bats
  A bat zombie (D:7)
  2 giant cockroaches
  23 goblins
  19 hobgoblins
  5 jackals
  12 quokkas
  A ball python zombie (D:6)
  12 giant geckos
  A giant gecko skeleton (D:7)
  5 giant newts
  A giant spore (D:10)
  A jackal zombie (D:6)
  36 kobolds
  16 rats
  A ballistomycete (D:15)
  5 fungi
  2 plants (Lair:7)
1210 creatures vanquished.

Vanquished Creatures (collateral kills)
  Rupert (Lair:8)
  A ghost moth (Lair:7)
  A dire elephant (Lair:8)
  Snorg (Orc:4)
  A vault guard (D:13)
  An ice dragon (D:13)
  A hydra (Lair:7)
  A merfolk avatar (Shoals:4)
  A merfolk aquamancer (Shoals:3)
  A sun demon (Lair:8)
  An orc high priest (Orc:4)
  Urug (Orc:4)
  4 skeletal warriors
  A deep elf knight (Elf:2)
  An anubis guard (Orc:4)
  An orc knight (Orc:4)
  A necromancer (D:13)
  3 griffons
  2 hornets
  6 ugly things
  An orc sorcerer (Orc:4)
  A deep elf conjurer (Elf:1)
  A manticore (Lair:4)
  A wizard (Lair:8)
  A sixfirhy (Orc:4)
  A siren (Shoals:4)
  3 elephants
  2 black mambas
  The ghost of BLOAX the Ruffian, an experienced VSVM of Cheibriados (D:7)
  2 orange demons (Lair:8)
  A spiny frog (Lair:7)
  A blue devil (Lair:8)
  A fire drake (Lair:7)
  A deep elf priest (Elf:1)
  A komodo dragon (Lair:6)
  Grinder (D:6)
  3 ravens
  2 blink frogs (Lair:8)
  3 slime creatures (D:12)
  12 humans (D:13)
  2 hogs (Elf:1)
  2 water elementals (Shoals:4)
  13 yaks
  4 wraiths (D:10)
  3 wolves (Lair:1)
  2 hippogriffs
  A water moccasin (D:6)
  3 deep elf fighters
  Edmund (D:5)
  An insubstantial wisp (Shoals:3)
  10 orc warriors
  10 soldier ants (Lair:8)
  A phantom (D:12)
  Sigmund (D:5)
  2 crocodiles
  Blork the orc (Orc:4)
  3 giant frogs
  5 wights (D:12)
  2 human zombies (D:13)
  5 jellies (Lair:7)
  6 orc priests
  4 orc wizards
  A hound (Orc:4)
  9 worker ants (Lair:8)
  5 sheep
  3 adders
  14 river rats
  A giant eyeball (Orc:4)
  An ooze (Lair:7)
  16 orcs
  A kobold (D:12)
  A butterfly (Snake:1)
  A fungus (Lair:7)
206 creatures vanquished.

Vanquished Creatures (others)
  3 rakshasas (Lair:7)
  A player illusion (D:14)
  A hydra (Lair:8)
  2 centaur warriors (Lair:7)
  An ogre mage (D:14)
  A hill giant (Snake:1)
  2 wizards
  An orc knight (D:15)
  6 ugly things
  2 hornets
  A cyclops (D:14)
  A drowned soul (Shoals:4)
  A rust devil (Snake:1)
  8 yaktaurs
  A two-headed ogre (shapeshifter) (Snake:1)
  A deep elf priest (Snake:1)
  A jumping spider (shapeshifter) (Lair:7)
  An efreet (D:14)
  A raven (Lair:8)
  A wolf spider simulacrum (Lair:8)
  A boulder beetle (D:13)
  A trapdoor spider (shapeshifter) (D:13)
  7 air elementals
  2 trapdoor spiders (Orc:4)
  4 redbacks
  2 shadows
  A centaur simulacrum (D:14)
  A basilisk (shapeshifter) (Lair:8)
  A tarantella (shapeshifter) (D:13)
  A wyvern (Lair:7)
  A hippogriff (D:9)
  A deep elf fighter (Lair:8)
  2 vampire mosquitoes (Lair:8)
  3 humans (Lair:7)
  2 chaos spawn (Lair:7)
  A soldier ant (Lair:8)
  A hell hound (Snake:1)
  A spider (Elf:2)
  A slave (D:6)
  A big kobold (D:9)
  A lost soul (Elf:1)
  A killer bee (Lair:8)
  An orc priest (D:15)
  A sheep (D:15)
  3 ufetubi (Shoals:3)
  2 orcs (D:15)
  A bat (D:6)
  2 giant spores
  4 butterflies
  16 fungi
  16 plants
120 creatures vanquished.

Grand Total: 1536 creatures vanquished

Notes
Turn   | Place    | Note
--------------------------------------------------------------
     0 | D:1      | Tolias, the Deep Elf Warper, began the quest for the Orb.
     0 | D:1      | Reached XP level 1. HP: 12/12 MP: 5/5
  1130 | D:2      | Reached XP level 2. HP: 16/16 MP: 8/8
  1672 | D:1      | Reached XP level 3. HP: 13/20 MP: 10/10
  1676 | D:1      | Learned a level 2 spell: Blink
  3309 | D:3      | Reached XP level 4. HP: 10/25 MP: 13/13
  3323 | D:3      | Reached skill level 4 in Short Blades
  3467 | D:3      | Found a sparkling altar of Nemelex Xobeh.
  3470 | D:3      | Became a worshipper of Nemelex Xobeh the Trickster
  3873 | D:3      | Reached skill level 1 in Stealth
  3910 | D:3      | Received a gift from Nemelex Xobeh
  4076 | D:3      | Reached skill level 1 in Evocations
  4553 | D:4      | Reached XP level 5. HP: 29/29 MP: 16/16
  5086 | D:3      | Noticed an ogre
  5115 | D:3      | Killed an ogre
  5233 | D:4      | Found a stormy altar of Qazlal.
  5299 | D:4      | Reached XP level 6. HP: 18/34 MP: 15/18
  5853 | D:4      | Found Kloegur's Armour Boutique.
  6064 | D:5      | Entered Level 5 of the Dungeon
  6128 | D:5      | Learned a level 2 spell: Shroud of Golubria
  6133 | D:5      | Learned a level 4 spell: Passage of Golubria
  6175 | D:5      | Reached XP level 7. HP: 38/38 MP: 20/20
  6366 | D:5      | Noticed Sigmund
  6371 | D:5      | Killed Sigmund
  6371 | D:5      | Reached skill level 5 in Translocations
  6377 | D:5      | Noticed Edmund
  6385 | D:5      | Killed Edmund
  6530 | D:5      | Received a gift from Nemelex Xobeh
  6703 | D:5      | Reached skill level 5 in Short Blades
  6807 | D:5      | Found a staircase to the Ecumenical Temple.
  7901 | D:6      | Reached skill level 6 in Translocations
  8085 | D:6      | Noticed Grinder
  8105 | D:6      | Reached XP level 8. HP: 43/43 MP: 18/21
  8247 | D:6      | Noticed Pikel
  8462 | D:6      | Killed Pikel
  8462 | D:6      | Reached skill level 7 in Short Blades
  8462 | D:6      | Reached skill level 5 in Evocations
  8695 | D:6      | Received a gift from Nemelex Xobeh
  8755 | D:6      | Noticed a white ugly thing
  8756 | D:6      | Paralysed by Grinder for 2 turns
  8765 | D:6      | Killed a green ugly thing
  8768 | D:6      | Killed Grinder
  8829 | D:6      | Reached XP level 9. HP: 40/47 MP: 17/23
  8974 | D:6      | Reached skill level 8 in Short Blades
  9068 | D:6      | Received a gift from Nemelex Xobeh
  9558 | D:7      | Reached skill level 1 in Charms
  9564 | D:7      | Noticed BLOAX's ghost (experienced VSVM)
  9564 | D:7      | goddamnit bloax
 10072 | D:7      | Found a radiant altar of Vehumet.
 10402 | D:7      | Reached skill level 5 in Charms
 10959 | D:6      | Reached skill level 5 in Stealth
 10998 | D:7      | Received a gift from Nemelex Xobeh
 11011 | D:7      | Reached XP level 10. HP: 52/52 MP: 23/25
 11041 | D:7      | Killed BLOAX's ghost
 11154 | D:7      | Found a bloodstained altar of Trog.
 11154 | D:7      | Noticed a wizard
 11162 | D:7      | Killed a wizard
 11529 | D:7      | Reached skill level 5 in Dodging
 11576 | D:8      | Noticed Eustachio
 11577 | D:8      | yes pls
 11608 | D:8      | Killed Eustachio
 11702 | D:8      | Found a basalt altar of Yredelemnul.
 12178 | D:8      | Reached skill level 9 in Short Blades
 12377 | D:8      | Found a staircase to the Lair.
 12433 | D:8      | Acquired Nemelex Xobeh's first power
 12452 | D:8      | Noticed Erolcha
 12457 | D:8      | Noticed a purple ugly thing
 12463 | D:8      | Killed a cyan ugly thing
 12673 | D:8      | Found Kokk's Gadget Boutique.
 12741 | D:8      | Received a gift from Nemelex Xobeh
 12992 | D:8      | Found Milaem Ephu's Weapon Shop.
 13001 | D:8      | Reached skill level 10 in Short Blades
 13012 | D:8      | Found Cavalauh's Assorted Antiques.
 13020 | D:8      | Bought 3 scrolls labeled TRUYCK TRAUDD for 87 gold pieces
 13022 | D:8      | Bought a glowing brass ring for 145 gold pieces
 13031 | D:8      | Bought a sapphire potion for 26 gold pieces
 13031 | D:8      | Bought a sapphire potion for 26 gold pieces
 13031 | D:8      | Bought a bubbling golden potion for 26 gold pieces
 13558 | D:9      | Found a shattered altar of Ashenzari.
 13566 | D:9      | Noticed Grum
 13581 | D:9      | Noticed a purple ugly thing
 13622 | D:9      | Noticed Grum
 13622 | D:9      | Grum changed into Grum the iguana
 13636 | D:9      | Killed Grum the iguana
 13981 | D:9      | Received a gift from Nemelex Xobeh
 14169 | D:9      | Noticed Maurice
 14497 | D:9      | Killed Maurice
 14504 | D:9      | Received a gift from Nemelex Xobeh
 14675 | D:9      | fuck
 15126 | D:9      | Reached XP level 11. HP: 53/62 MP: 23/26
 15263 | Lair:1   | Entered Level 1 of the Lair of Beasts
 15263 | Lair:1   | Noticed Gastronok
 15264 | Lair:1   | come on
 15278 | Lair:2   | Reached skill level 5 in Fighting
 15327 | Lair:1   | Acquired Nemelex Xobeh's second power
 15687 | Lair:1   | Killed Gastronok
 16114 | Lair:1   | Received a gift from Nemelex Xobeh
 16806 | Lair:2   | Received a gift from Nemelex Xobeh
 17590 | Lair:2   | Noticed Fannar
 17886 | Lair:3   | Found an iron altar of Okawaru.
 17984 | Lair:3   | Received a gift from Nemelex Xobeh
 17986 | Lair:3   | Noticed a seven-headed hydra
 18349 | Lair:3   | Acquired Nemelex Xobeh's third power
 18634 | Lair:3   | Reached skill level 10 in Stealth
 18921 | Lair:3   | Received a gift from Nemelex Xobeh
 19204 | Lair:3   | Killed a seven-headed hydra
 19483 | Lair:4   | Received a gift from Nemelex Xobeh
 19916 | Lair:4   | Found a staircase to the Snake Pit.
 20028 | Lair:1   | Learned a level 4 spell: Iskenderun's Mystic Blast
 20190 | Lair:4   | Reached skill level 1 in Conjurations
 20353 | Lair:4   | Reached XP level 12. HP: 68/71 MP: 29/29
 20486 | Lair:4   | Found a staircase to the Shoals.
 20489 | Lair:4   | Received a gift from Nemelex Xobeh
 20742 | Lair:4   | Reached skill level 5 in Conjurations
 22236 | Lair:5   | Received a gift from Nemelex Xobeh
 22407 | Lair:5   | Found a staircase to the Snake Pit.
 22429 | Lair:5   | HY ARE THERE SO MANY MAMBAS
 23486 | Lair:5   | Noticed an eight-headed hydra
 23499 | Lair:5   | Killed an eight-headed hydra
 23499 | Lair:5   | Reached skill level 10 in Conjurations
 23794 | Lair:6   | Received a gift from Nemelex Xobeh
 23886 | Lair:6   | Noticed a seven-headed hydra
 24416 | Lair:6   | Reached skill level 10 in Evocations
 24775 | Lair:6   | Received a gift from Nemelex Xobeh
 25015 | D:8      | Killed Erolcha
 25135 | D:10     | Entered Level 10 of the Dungeon
 25238 | D:9      | Found an opulent altar of Gozag.
 25238 | D:9      | Found a shadowy altar of Dithmenos.
 25329 | D:10     | Reached XP level 13. HP: 52/75 MP: 27/30
 25385 | D:10     | Noticed Josephine
 25520 | D:10     | Received a gift from Nemelex Xobeh
 26244 | D:10     | Received a gift from Nemelex Xobeh
 26326 | D:10     | Killed Josephine
 26877 | D:11     | Received a gift from Nemelex Xobeh
 26887 | D:11     | Reached skill level 11 in Stealth
 26925 | D:11     | Identified Cigotuvi's Grimoire of Transmutation
 26978 | D:11     | Found an ancient bone altar of Kikubaaqudgha.
 27457 | D:11     | Found a staircase to the Orcish Mines.
 28004 | Orc:1    | Entered Level 1 of the Orcish Mines
 28365 | Orc:2    | Found Qaonavim's Book Boutique.
 28860 | Orc:3    | Received a gift from Nemelex Xobeh
 28860 | Orc:3    | Found a burning altar of Makhleb.
 28941 | Orc:3    | Found a staircase to the Elven Halls.
 29116 | Orc:3    | Noticed Donald
 29172 | Orc:3    | Killed Donald
 29172 | Orc:3    | Reached skill level 5 in Spellcasting
 30084 | Orc:3    | Received a gift from Nemelex Xobeh
 30133 | Orc:4    | Entered Level 4 of the Orcish Mines
 30396 | D:8      | Bought a +6 rod of shadows (10/10) for 1449 gold pieces
 30675 | Lair:6   | Reached skill level 12 in Stealth
 30713 | Lair:6   | Found an iron altar of Okawaru.
 30916 | Lair:6   | Received a gift from Nemelex Xobeh
 32250 | Lair:7   | fuck shadow traps
 32250 | Lair:7   | with a baseball bat
 32487 | Lair:7   | Received a gift from Nemelex Xobeh
 33074 | Lair:7   | Noticed a ghost moth
 33077 | Lair:7   | Noticed a ghost moth
 33079 | Lair:7   | Killed a ghost moth
 33083 | Lair:7   | Killed a ghost moth
 33215 | Lair:7   | Reached XP level 14. HP: 68/80 MP: 25/32
 33266 | Lair:7   | Found a staircase to the Slime Pits.
 33353 | Lair:7   | Noticed Tolias' ghost (powerful TrCj)
 33353 | Lair:7   | rip
 33467 | Lair:8   | Entered Level 8 of the Lair of Beasts
 33987 | Lair:8   | Received a gift from Nemelex Xobeh
 34104 | Lair:8   | Noticed Erica
 34118 | Lair:8   | Received a gift from Nemelex Xobeh
 34129 | Lair:8   | Noticed Rupert
 34191 | Lair:8   | Killed Rupert
 35001 | Lair:8   | Reached skill level 10 in Dodging
 35102 | Lair:8   | NO
 35104 | Lair:8   | jesus fucking christ
 36228 | Lair:8   | Killed Erica
 36229 | Lair:8   | bitch
 37086 | Lair:8   | Found a burning altar of Makhleb.
 37485 | Lair:8   | Received a gift from Nemelex Xobeh
 37489 | Lair:8   | Found a gateway to Hell.
 37502 | Lair:8   | 10/10 loot
 37544 | Lair:8   | oh theres a whip too
 37544 | Lair:8   | thank god
 38008 | Orc:1    | Found Ghevvio's Assorted Antiques.
 38015 | Orc:1    | Bought a pair of runed gloves for 126 gold pieces
 38093 | Orc:1    | Received a gift from Nemelex Xobeh
 38198 | Orc:1    | Found a roughly hewn altar of Beogh.
 39367 | Orc:4    | WHat
 39372 | Orc:4    | Received a gift from Nemelex Xobeh
 39372 | Orc:4    | Paralysed by a giant eyeball for 3 turns
 39373 | Orc:4    | Noticed an orc warlord
 39373 | Orc:4    | Noticed Urug
 39373 | Orc:4    | Noticed Blork the orc
 39374 | Orc:4    | HP: 3/80 [orc priest/club (2)]
 39375 | Orc:4    | the cards
 39375 | Orc:4    | are not with me
 39377 | Orc:4    | lol
 39378 | Orc:4    | okay now we're talkin
 39431 | Orc:4    | Killed an orc warlord
 39431 | Orc:4    | Reached skill level 13 in Short Blades
 39559 | Orc:4    | Killed Urug
 39588 | Orc:4    | Found a roughly hewn altar of Beogh.
 39600 | Orc:4    | Killed Blork the orc
 39655 | Orc:4    | Found Wusuasa's General Store.
 39661 | Orc:4    | Paralysed by a giant eyeball for 2 turns
 39664 | Orc:4    | Paralysed by a giant eyeball for 4 turns
 39792 | Orc:4    | Found Hetafeah's Antique Armour Shoppe.
 39813 | Orc:4    | Bought a pair of runed boots for 153 gold pieces
 39840 | Orc:4    | Found Yrchaimp's Antique Weapon Shoppe.
 39891 | Orc:4    | Noticed Snorg
 39913 | Orc:4    | Killed Snorg
 40197 | Orc:4    | Found Prio's Book Shoppe.
 40377 | Orc:2    | Bought a book of Party Tricks for 500 gold pieces
 40384 | Orc:2    | Learned a level 6 spell: Invisibility
 40386 | Orc:2    | Learned a level 1 spell: Summon Butterflies
 40530 | D:12     | Reached skill level 1 in Hexes
 40839 | D:12     | Received a gift from Nemelex Xobeh
 41271 | D:12     | Reached skill level 1 in Shields
 41745 | D:13     | Received a gift from Nemelex Xobeh
 41764 | D:13     | Noticed Abbocigu the pandemonium lord
 41765 | D:13     | heyooo
 42065 | D:13     | Found a portal to a secret trove of treasure.
 42284 | D:13     | Reached XP level 15. HP: 81/84 MP: 13/33
 42942 | D:13     | Found a gate to the Vaults.
 43579 | D:14     | Reached skill level 5 in Shields
 43783 | D:14     | Received a gift from Nemelex Xobeh
 44241 | D:14     | Your ally Tolias died
 44970 | D:15     | Entered Level 15 of the Dungeon
 45008 | D:15     | Received a gift from Nemelex Xobeh
 45925 | Orc:4    | Bought a glowing rapier for 132 gold pieces
 45943 | Orc:4    | Bought a glowing hat for 136 gold pieces
 46259 | Snake:1  | Entered Level 1 of the Snake Pit
 46582 | Snake:1  | Received a gift from Nemelex Xobeh
 46584 | Snake:1  | Noticed Louise
 46712 | Snake:1  | Noticed Agnes
 46803 | Snake:1  | Reached skill level 14 in Short Blades
 46849 | Snake:1  | Received a gift from Nemelex Xobeh
 47025 | Snake:1  | Noticed Aizul
 47069 | Snake:1  | Killed Aizul
 47882 | Elf:1    | Entered Level 1 of the Elven Halls
 48056 | Elf:1    | Reached skill level 5 in Hexes
 48197 | Elf:1    | Received a gift from Nemelex Xobeh
 48297 | Elf:1    | Identified a scroll of acquirement
 48569 | Elf:1    | Found Asodwiq's Antique Weapon Shoppe.
 48634 | Elf:1    | Received a gift from Nemelex Xobeh
 48644 | Elf:1    | ugh
 48972 | Elf:1    | Identified the Guide on Stolen Souls
 49115 | Elf:1    | Noticed Kirke
 49138 | Elf:1    | Noticed a sphinx
 49249 | Elf:1    | Found a glowing silver altar of Zin.
 49333 | Elf:1    | Noticed Kirke
 49333 | Elf:1    | Kirke changed into Kirke the sphinx
 49334 | Elf:1    | thats not fucking better
 49343 | Elf:1    | Killed Kirke the sphinx
 49691 | Elf:2    | Reached skill level 10 in Hexes
 49883 | Elf:2    | Gained mutation: You have a pair of small antennae on your head. [potion of beneficial mutation]
 50238 | Elf:2    | Found a shimmering altar of Xom.
 50289 | Elf:2    | Reached XP level 16. HP: 92/92 MP: 34/34
 50737 | Elf:2    | Found a runed gate.
 50737 | Elf:2    | Found a runed gate.
 50737 | Elf:2    | Found a runed gate.
 51145 | Shoals:1 | Entered Level 1 of the Shoals
 51157 | Shoals:1 | Received a gift from Nemelex Xobeh
 51748 | Shoals:1 | Received a gift from Nemelex Xobeh
 52029 | Shoals:1 | sure dmsl gets 3 books
 52171 | Shoals:1 | Noticed Sonja
 52178 | Shoals:1 | Killed Sonja
 53048 | Shoals:2 | Received a gift from Nemelex Xobeh
 53151 | Shoals:2 | Received a gift from Nemelex Xobeh
 53831 | Shoals:3 | Received a gift from Nemelex Xobeh
 54003 | Shoals:3 | Gained mutation: You are frail (-10% HP). [mutagenic glow]
 56933 | D:15     | Received a gift from Nemelex Xobeh
 57076 | D:15     | Reached skill level 15 in Stealth
 57258 | D:15     | Found a staircase to the Depths.
 57435 | D:15     | Found a sacrificial altar of Ru.
 58079 | Orc:4    | Bought a book of Maledictions for 425 gold pieces
 58084 | Orc:4    | Learned a level 3 spell: Dazzling Spray
 59124 | Snake:1  | Received a gift from Nemelex Xobeh
 59382 | Snake:1  | Reached XP level 17. HP: 86/86 MP: 6/35
 61055 | Snake:3  | Found a bloodstained altar of Trog.
 61675 | D:10     | Learned a level 6 spell: Deflect Missiles
 61936 | Shoals:4 | Reached skill level 1 in Air Magic
 61976 | Shoals:4 | Noticed Polyphemus
 62022 | Shoals:4 | Received a gift from Nemelex Xobeh
 62251 | Shoals:4 | Noticed Saint Roka
 62263 | Shoals:4 | Killed Saint Roka
 62658 | Shoals:4 | Hit by a large rock thrown by Polyphemus

Action                   |  1- 3 |  4- 6 |  7- 9 | 10-12 | 13-15 | 16-18 || total
-------------------------+-------+-------+-------+-------+-------+-------++-------
Melee: Short sword       |    75 |    90 |   281 |  1426 |   178 |       ||  2050
       Dagger            |       |       |       |       |  1358 |       ||  1358
       Rapier            |       |       |       |       |  1057 |   867 ||  1924
 Fire: Hunting sling     |   110 |   121 |   183 |    53 |       |       ||   467
       Blowgun           |       |     8 |    96 |   401 |   241 |    58 ||   804
Throw: Tomahawk          |     5 |       |       |    31 |    16 |       ||    52
       Stone             |       |    12 |     1 |     2 |       |       ||    15
       Javelin           |       |       |    29 |    24 |       |       ||    53
       Throwing net      |       |       |       |       |     1 |       ||     1
 Cast: Blink             |     3 |     4 |    44 |    71 |    38 |    12 ||   172
       Shroud of Golubri |       |       |    23 |    94 |    52 |     3 ||   172
       Passage of Golubr |       |       |     7 |     6 |    17 |     6 ||    36
       Iskenderun's Myst |       |       |       |    19 |   248 |   122 ||   389
       Invisibility      |       |       |       |       |     1 |    19 ||    20
       Dazzling Spray    |       |       |       |       |       |    63 ||    63
Invok: Deal Four         |       |       |       |       |     6 |     5 ||    11
       Stack Five        |       |       |       |       |     1 |       ||     1
 Abil: Evoke Teleportati |       |       |       |       |     4 |       ||     4
       Stop Flying       |       |       |       |       |       |     1 ||     1
       Evoke Flight      |       |       |       |       |       |     1 ||     1
Evoke: Deck              |       |     6 |     6 |    76 |    84 |    28 ||   200
       Wand              |       |       |       |    14 |    36 |    10 ||    60
       Sack of spiders   |       |       |       |     1 |     3 |       ||     4
       Rod               |       |       |       |       |    50 |     5 ||    55
  Use: Scroll            |     2 |       |     6 |    22 |    17 |    10 ||    57
       Potion            |       |       |     1 |     3 |     7 |     2 ||    13
 Stab: Sleeping          |       |       |     2 |    34 |    69 |    46 ||   151
       Distracted        |       |       |     1 |     2 |    29 |     2 ||    34
       Confused          |       |       |       |     7 |    10 |     4 ||    21
       Paralysed         |       |       |       |       |     1 |       ||     1
       Held in net/web   |       |       |       |       |     2 |       ||     2
       Invisible         |       |       |       |       |       |    74 ||    74
  Eat: Chunk             |     7 |    10 |    13 |    30 |    93 |    33 ||   186
       Pizza             |       |       |     1 |     1 |       |       ||     2
       Fruit             |       |       |     4 |     5 |    26 |     3 ||    38
       Beef jerky        |       |       |     1 |     4 |     4 |     2 ||    11
       Meat ration       |       |       |       |     2 |     2 |     2 ||     6
       Bread ration      |       |       |       |     1 |       |     6 ||     7
